Map: Dusk Towers

Players

capac

  • Race: Terran Terran
  • League: Gold

john - Winner!

  • Race: Terran Terran
  • League: Gold

VOD

Have the link to the VOD?

Description

Time

  • Played on: March 5, 2016, 5:09 p.m.
  • Length: 13:16
Show
View Real Time Build Order
Export as new Build Order

capac Terran 

Build Orders:  

Get SALT Encoding   

  12  0:00  SCV  
  13  0:13  SCV  
  14  0:18  Supply Depot  
  14  0:25  SCV  
  15  0:39  SCV  
  15  0:42  Barracks  
  16  0:46  Refinery  
  16  0:51  SCV  
  17  1:04  SCV  
  18  1:16  SCV  
  19  1:28  SCV  
  19  1:30  Barracks Reactor  
  20  1:36  Command Center  
  20  1:40  SCV  
  20  1:46  Supply Depot  
  21  1:56  Orbital Command  
  21  2:07  Marine  
  21  2:08  Marine  
  23  2:18  Factory  
  23  2:25  Marine x2  
  25  2:37  SCV  
  26  2:43  Marine x2  
  27  2:51  Orbital Command  
  27  2:55  Refinery  
  27  2:58  SCV  
  28  3:02  Marine x2  
  28  3:03  Factory Tech Lab  
  30  3:23  Siege Tank  
  33  3:27  Marine x2  
  33  3:33  SCV x2  
  37  3:38  Starport  
  37  3:45  SCV x2  
  39  4:04  Siege Tank  
  39  4:08  Supply Depot  
  42  4:13  SCV  
  42  4:14  SCV  
  42  4:15  Barracks  
  42  4:17  Barracks  
  44  4:18  Marine x2  
  44  4:19  Starport Reactor  
  44  4:23  Engineering Bay  
  46  4:33  Supply Depot  
  46  4:36  SCV x2  
  48  4:48  SCV x2  
  48  4:49  Siege Tank  
  48  4:51  Marine  
  54  5:00  SCV  
  54  5:01  SCV  
  56  5:08  Missile Turret  
  53  5:35  SCV x2  
  55  5:38  Marine x2  
  55  5:39  Barracks Reactor  
  55  5:40  Barracks Tech Lab  
  57  5:42  Medivac  
  57  5:43  Medivac  
  57  5:46  Supply Depot  
  61  5:53  SCV  
  62  6:00  Refinery  
  62  6:03  Stimpack  
  62  6:08  Marine x3, Siege Tank, SCV  
  69  6:15  SCV  
  70  6:18  Refinery  
  70  6:24  Supply Depot, Marine x2  
  70  6:25  Marine, SCV  
  73  6:29  SCV  
  73  6:31  Medivac  
  77  6:37  SCV  
  78  6:46  SCV  
  79  6:48  Supply Depot, Marine x2  
  79  6:49  SCV  
  79  6:53  Marine x3  
  85  6:58  SCV  
  86  7:02  SCV  
  86  7:04  Medivac x2  
  86  7:07  Marine x2  
  93  7:10  Marine  
  94  7:15  Supply Depot  
  94  7:16  SCV x2  
  96  7:44  Medivac x2  
  98  7:45  Siege Tank  
  98  7:46  Marine x3  
  98  7:47  Marine x2  
  100  8:00  SCV x2  
  100  8:04  Marine x4  
  100  8:05  Marine  
  107  8:12  SCV  
  108  8:13  Command Center  
  88  8:23  Marine  
  88  8:24  Marine x4  
  88  8:26  Siege Tank  
  92  8:30  Supply Depot  
  92  8:34  Medivac x2  
  90  8:44  Missile Turret  
  90  8:46  Missile Turret  
  90  8:50  Missile Turret  
  90  9:28  Marine x3, Siege Tank  
  90  9:29  Marine x2  
  98  9:35  Barracks  
  98  9:43  Missile Turret  
  98  9:49  SCV x2  
  100  9:53  Missile Turret  
  87  10:13  SCV x2  
  89  10:15  Orbital Command  
  89  10:23  Marine  
  89  10:24  Marine x4  
  89  10:25  Siege Tank, SCV x2  
  89  10:27  Viking  
  103  10:32  Viking  
  102  10:41  Marine x2  
  102  10:42  SCV  
  97  11:11  Starport Reactor  
  97  12:01  Supply Depot  
  97  12:02  Supply Depot x2  
  97  12:03  Supply Depot  
  94  12:24  Marine x5  
  94  12:25  SCV  
  100  12:37  SCV  
  100  12:42  Marine  
  102  12:58  SCV  
Show
View Real Time Build Order
Export as new Build Order

john Terran - Winner!

Build Orders:  

Get SALT Encoding   

  12  0:02  SCV  
  13  0:14  SCV  
  14  0:18  Supply Depot  
  14  0:26  SCV  
  14  0:28  Refinery  
  15  0:39  SCV  
  16  0:45  Barracks  
  16  0:51  SCV  
  17  1:05  Barracks, SCV  
  18  1:20  Barracks  
  18  1:25  SCV  
  19  1:33  Refinery  
  19  1:38  Reaper  
  20  1:51  Orbital Command  
  20  1:57  Reaper  
  21  2:11  Reaper  
  21  2:14  Reaper  
  23  2:24  Supply Depot  
  23  2:46  Reaper, SCV  
  25  3:00  Command Center  
  24  3:28  Engineering Bay  
  24  3:30  Factory, SCV  
  24  3:32  Supply Depot  
  25  3:37  Barracks Tech Lab x2  
  25  3:38  Barracks Reactor  
  25  3:55  Marine  
  26  4:09  Engineering Bay, SCV  
  27  4:11  Engineering Bay  
  27  4:14  Orbital Command  
  27  4:19  Missile Turret  
  27  4:21  Widow Mine  
  29  4:37  Missile Turret  
  29  4:42  Starport  
  29  4:44  SCV  
  30  4:46  SCV  
  31  4:54  Widow Mine  
  31  4:57  SCV  
  31  4:58  Marine, Missile Turret  
  34  5:17  Marauder, Marine  
  37  5:32  Widow Mine  
  36  5:36  Starport Reactor, Marine  
  36  5:37  Marauder, Marine  
  36  5:38  Marauder  
  42  5:46  Missile Turret  
  42  5:47  Missile Turret, SCV  
  43  5:52  Missile Turret  
  43  5:53  Missile Turret  
  43  5:56  Missile Turret  
  43  5:57  Stimpack  
  43  5:59  SCV  
  44  6:05  Widow Mine  
  46  6:12  SCV  
  46  6:16  Missile Turret  
  47  6:22  SCV  
  47  6:25  Missile Turret, Medivac  
  50  6:27  Missile Turret  
  50  6:33  Medivac  
  50  6:34  SCV  
  50  6:37  Refinery, SCV  
  54  6:42  Missile Turret  
  54  6:56  Terran Infantry Weapons Level 1, Terran Infantry Armor Level 1  
  54  6:58  Factory Tech Lab  
  54  7:05  Missile Turret  
  54  7:17  Armory  
  54  7:23  Supply Depot  
  54  7:29  Missile Turret  
  54  7:36  Missile Turret  
  54  7:45  Marauder x2, SCV x2, Medivac  
  54  7:49  Missile Turret  
  62  8:07  Missile Turret  
  62  8:17  Supply Depot  
  62  8:21  Marine  
  62  8:24  SCV  
  62  8:27  Marine  
  62  8:28  Marine  
  62  8:30  SCV  
  61  8:36  SCV  
  61  8:37  Refinery  
  61  8:38  Medivac  
  61  8:39  Marauder  
  61  8:40  Marauder  
  68  8:42  SCV  
  68  8:45  Marine, Missile Turret  
  68  8:48  Command Center  
  70  8:55  Supply Depot  
  70  9:04  Terran Infantry Weapons Level 2  
  70  9:16  Marine, Missile Turret  
  70  9:17  Marauder, Siege Tank  
  76  9:19  Marauder  
  78  9:34  Command Center  
  78  9:40  Sensor Tower  
  78  9:59  Marine x2  
  78  10:00  Marauder x2  
  82  10:10  Sensor Tower  
  82  10:15  Medivac x2  
  82  10:17  Marine x2  
  87  10:21  Marauder x2  
  87  10:23  Missile Turret  
  91  10:32  Planetary Fortress  
  91  10:35  Marine x2  
  93  10:43  Marauder x2  
  93  10:53  Marine x2  
  99  11:04  Marauder x2  
  99  11:10  Refinery, Missile Turret  
  99  11:22  Marine x2  
  105  11:25  Marauder x2  
  105  11:26  Viking  
  105  11:28  Missile Turret  
  107  11:40  Supply Depot  
  107  11:41  Supply Depot  
  107  12:01  Widow Mine  
  107  12:02  Viking  
  107  12:03  Sensor Tower  
  111  12:18  Marauder x2, Marine x2  
  115  12:33  Missile Turret  
  102  12:52  Marine  
  102  12:53  Marauder x2, Marine  
Tags
 
League
GoldGold
Matchup
TvT
Race
Terran
Add a new tag
Caveats
  • Supply blocks, unpowered buildings, or Contaminate may cause inaccurate times.
  • Supply counts are checked every 10 seconds.